 Dungeon Crawl Stone Soup version 0.24-a0-130-ga3c21ff (webtiles) character file.

Game seed: 11747960531365286627

42 JeffiDaFish the Grave Robber (level 3, -1/24 HPs)
             Began as a Demonspawn Necromancer on Feb 26, 2019.
             Succumbed to Sigmund's poison
             ... on level 2 of the Dungeon.
             The game lasted 00:03:03 (999 turns).

JeffiDaFish the Grave Robber (DsNe)                  Turns: 999, Time: 00:03:03

Health: -1/24      AC:  5    Str:  8    XL:     3   Next: 33%
Magic:  0/6        EV: 12    Int: 17    God:
Gold:   100        SH:  0    Dex: 13    Spells: 1/6 levels left

rFire    . . .     SeeInvis .   d - +1 hand axe
rCold    . . .     Gourm    .   (no shield)
rNeg     . . .     Faith    .   a - +0 robe
rPois    .         Spirit   +   (no helmet)
rElec    .         Reflect  .   (no cloak)
rCorr    .         Harm     .   e - +2 pair of gloves
MR       .....                  (no boots)
Stlth    ++........             (no amulet)
HPRegen  0.08/turn              (no ring)
MPRegen  0.10/turn              (no ring)

@: lethally poisoned (-1 -> -19)
A: magic shield
a: no special abilities


You were on level 2 of the Dungeon.
You were not hungry.

You visited 1 branch of the dungeon, and saw 2 of its levels.

You collected 100 gold pieces.

Inventory:

Hand Weapons
 d - a +1 hand axe (weapon)
 g - a +1 whip of venom
Armour
 a - a +0 robe (worn)
 e - a +2 pair of gloves (worn)
Jewellery
 f - a cursed ring of attention {unknown}
Potions
 h - a potion of magic
Comestibles
 b - 6 chunks of flesh
 c - 4 rations


   Skills:
 + Level 0.6 Axes
 + Level 1.9 Dodging
 + Level 1.9 Stealth
 + Level 2.2 Spellcasting
 + Level 5.2 Necromancy


You had one spell level left.
You knew the following spells:

 Your Spells              Type           Power        Failure   Level  Hunger
a - Pain                  Necr           ###.         2%          1    #......
b - Vampiric Draining     Necr           ###.......   7%          3    ###....
c - Animate Skeleton      Necr           N/A          2%          1    #......

Your spell library contained the following spells:

 Spells                   Type           Power        Failure   Level  Hunger
 Regeneration             Chrm/Necr      ##........   19%         3    ###....
 Animate Dead             Necr           N/A          22%         4    #####..


Dungeon Overview and Level Annotations

Branches:
Dungeon (2/15)

Altars:

Annotations:
D:2 Sigmund


Innate Abilities, Weirdness & Mutations

When hurt, damage is shared between your health and your magic reserves.


Message History

You feel sick.
The kobold hits something.
Sigmund hits you with a +1 scythe of venom!
* * * LOW HITPOINT WARNING * * *
You are more poisoned.
You eat one of the 5 rations.
That ration really hit the spot!
* * * LOW HITPOINT WARNING * * *
You feel sick.
The kobold hits something.
* * * LOW HITPOINT WARNING * * *
You feel sick.
Your goblin skeleton barely misses the kobold.
You swap places.
* * * LOW HITPOINT WARNING * * *
You feel sick.
Sigmund gestures wildly while chanting.
Sigmund flickers and vanishes!
Deactivating autopickup; reactivate with Ctrl-A.
The kobold closely misses you.
* * * LOW HITPOINT WARNING * * *
You feel sick.
You die...

#.......).........
#.##.#####...###..
###### #[##.# #.#......
#.....
#.##Z#####.#..###.
#.....###.##.......#..#
##
+.(...'.#.##########..#
#.....#Z#.# #..#
#.....).#.### #..#
###....K.@..# #..#
....#.###.#.# #...
..?.#. #.#.# #... ....
#. #.# # #### #. #.#
... #.# #..


You could see a kobold.

Vanquished Creatures
  A gnoll (D:1)
  2 leopard geckos
  3 giant cockroaches (D:1)
  3 hobgoblins
  3 bats (D:1)
  3 frilled lizards
  5 goblins
  6 kobolds
  6 rats
32 creatures vanquished.

Notes
Turn   | Place    | Note
-------+----------+-------------------------------------------
     0 | D:1      | JeffiDaFish the Demonspawn Necromancer began the quest for
                  | the Orb.
     0 | D:1      | Reached XP level 1. HP: 13/13 MP: 3/3
   304 | D:1      | Gained mutation: When hurt, damage is shared between your
                  | health and your magic reserves. [demonic ancestry]
   304 | D:1      | Reached XP level 2. HP: 18/19 MP: 5/5
   560 | D:1      | Reached skill level 5 in Necromancy
   794 | D:1      | Reached XP level 3. HP: 23/24 MP: 3/6
   865 | D:2      | Learned a level 3 spell: Vampiric Draining
   867 | D:2      | Learned a level 1 spell: Animate Skeleton
   985 | D:2      | Noticed Sigmund
   998 | D:2      | HP: 1/24 [poisoned by Sigmund]
   999 | D:2      | Succumbed to Sigmund's poison

Levels and vault maps discovered:
D:1:      dpeg_arrival_windows_large_door, layout_loops_ring, serial_forest,
          infiniplex_forest_clump_curved, infiniplex_forest_zigzag_2,
          infiniplex_forest_corner_1, infiniplex_forest_clump_curved,
          infiniplex_forest_lined_room_, infiniplex_forest_clump_small,
          infiniplex_forest_pool, infiniplex_forest_lined_room_2
D:2:      layout_basic, nicolae_qazlal_eye_of_the_storm, grunt_gozag_statues,
          uniq_sigmund

Skill      XL: |  1  2 |
---------------+-------+-----
Necromancy     | 5 |  5.2
Axes           | |  0.6
Dodging        | |  1.9
Stealth        | |  1.9
Spellcasting   | |  2.2

Action                   || total
-------------------------++-------
Melee: Hand axe          ||    52
       Unarmed           ||     1
 Cast: Pain              ||    20
       Animate Skeleton  ||     2
       Vampiric Draining ||     1
  Use: Potion            ||     3
       Scroll            ||     1
 Stab: Sleeping          ||     2
  Eat: Ration            ||     1
       Chunk             ||     1
Armor: Robe              ||    28
Dodge: Dodged            ||    41

Table legend:
 A = Non-vault XP
 B = Vault XP
 C = Vault XP percentage of total XP
 D = Non-vault monster count
 E = Vault monster count
 F = Vault count percentage of total count
                 A         B        C        D         E       F
            +---------+---------+-------+---------+---------+-------
      Total |      60 |       0 |   0.0 |      32 |       0 |   0.0
            +---------+---------+-------+---------+---------+-------
        D:1 |      50 |       0 |   0.0 |      26 |       0 |   0.0
        D:2 |      10 |       0 |   0.0 |       6 |       0 |   0.0
            +---------+---------+-------+---------+---------+-------
